 Dungeon Crawl Stone Soup version 0.26.1-2-gb8aa6d0cf2 (webtiles) character file.

Game seed: 13645619813689996103

14112 littlecub the Destroyer (level 12, -4/72 HPs)
             Began as a Gargoyle Fire Elementalist on Feb 11, 2021.
             Was an Elder of Vehumet.
             Slain by a slime creature (13 damage)
             ... on level 12 of the Dungeon on Feb 12, 2021.
             The game lasted 00:57:35 (20767 turns).

littlecub the Destroyer (GrFE)                     Turns: 20767, Time: 00:57:35

Health: -4/72      AC: 16    Str: 22      XL:     12   Next: 13%
Magic:  6/21       EV: 14    Int: 24 (25) God:    Vehumet [****..]
Gold:   602        SH:  0    Dex:  9      Spells: 2/24 levels left

rFire    + + .     SeeInvis +   l - +1 great sword "Beetlebane" {flame, Int+5 Dex-5}
rCold    . . .     Faith    .   (shield currently unavailable)
rNeg     + + .     Spirit   .   J - +0 robe {rN+}
rPois    ∞         Reflect  .   j - +2 hat
rElec    +         Harm     .   b - scarf {shadows}
rCorr    .         Rampage  .   A - +0 pair of gloves
Will     .....                  D - +1 pair of boots
Stlth    ++........             (no amulet)
HPRegen  0.22/turn              S - ring of Fanaticism {Wiz *Contam rF+ Int+3 SInv}
MPRegen  0.17/turn              B - ring "Nengoic" {rElec rPois rF+ Str+6 Dex+4}

@: no status effects
A: negative energy resistance 1, electricity resistance, unbreathing,
petrification resistance, miasma immunity, AC +8
a: Renounce Religion


You were on level 12 of the Dungeon.
You worshipped Vehumet.
Vehumet was greatly pleased with you.
You visited 1 branch of the dungeon, and saw 12 of its levels.

You collected 602 gold pieces.

Inventory:

Hand Weapons
 l - the +1 great sword "Beetlebane" (weapon) {flame, Int+5 Dex-5}
   (You found it on level 11 of the Dungeon)

   It has been specially enchanted to burn those struck by it, causing extra
   injury to most foes and up to half again as much damage against particularly
   susceptible opponents.
   Big, fiery blades are also staple armaments of hydra-hunters.
   It affects your intelligence (+5).
   It affects your dexterity (-5).
 Q - the +7 quarterstaff of Bodily Harmony {distort, rElec rPois Dex+4 Stlth-}
   (You took it off a kobold demonologist on level 11 of the Dungeon)

   It warps and distorts space around it.
   Unwielding it can cause banishment or high damage.
   It affects your dexterity (+4).
   It insulates you from electricity.
   It protects you from poison.
   It makes you less stealthy.
Missiles
 u - 51 poisoned darts
Armour
 b - a scarf of shadows (worn)
 j - a +2 hat (worn)
 A - a +0 pair of gloves (worn)
 D - a +1 pair of boots (worn)
 J - a +0 robe of positive energy (worn)
Jewellery
 t - an uncursed ring of positive energy
 B - the ring "Nengoic" (right hand) {rElec rPois rF+ Str+6 Dex+4}
   (You took it off an orc on level 6 of the Dungeon)

   [ring of strength]

   It affects your strength (+6).
   It affects your dexterity (+4).
   It protects you from fire.
   It insulates you from electricity.
   It protects you from poison.
 S - the ring of Fanaticism (left hand) {Wiz *Contam rF+ Int+3 SInv}
   (You found it on level 11 of the Dungeon)

   [ring of wizardry]

   It improves your spell success rate.
   It affects your intelligence (+3).
   It protects you from fire.
   It lets you see invisible.
   It causes magical contamination when unequipped.
Wands
 o - a wand of iceblast (24)
 v - a wand of paralysis (13)
 w - a wand of flame (14)
 y - a wand of disintegration (11)
 z - a wand of digging (13)
 F - a wand of acid (7)
 G - a wand of random effects (8)
Scrolls
 c - 5 scrolls of amnesia
 e - 5 scrolls of teleportation
 f - a scroll of fog
 g - 9 scrolls of remove curse
 k - 2 scrolls of enchant armour
 r - 2 scrolls of enchant weapon
 x - a scroll of identify
 C - a scroll of vulnerability
 H - 2 scrolls of magic mapping
 K - 2 scrolls of immolation
Potions
 a - 2 potions of might
 d - 4 potions of curing
 h - 4 potions of brilliance
 i - 3 potions of ambrosia
 m - 2 potions of haste
 n - 3 potions of flight
 p - 5 potions of heal wounds
 q - 2 potions of cancellation {unknown}
 s - a potion of berserk rage
 N - 2 potions of invisibility
 O - a potion of magic


   Skills:
 + Level 7.4 Fighting
 + Level 2.6 Armour
 + Level 5.9 Dodging
 - Level 2.1 Stealth
 + Level 6.5 Spellcasting
 * Level 10.6 Conjurations
 * Level 10.2 Fire Magic
 + Level 3.7 Air Magic
 - Level 4.0 Poison Magic


You had 2 spell levels left.
You knew the following spells:

 Your Spells              Type           Power        Failure   Level
a - Foxfire               Conj/Fire      100%         1%          1
b - Sticky Flame          Conj/Fire      28%          1%          4
c - Fireball              Conj/Fire      14%          1%          5
d - Mephitic Cloud        Conj/Pois/Air  18%          1%          3
e - Ignite Poison         Fire/Tmut/Pois 15%          1%          3
f - Starburst             Conj/Fire      14%          1%          6

Your spell library contained the following spells:

 Spells                   Type           Power        Failure   Level
 Beastly Appendage        Tmut           6%           3%          1
 Corona                   Hex            3%           3%          1
 Passwall                 Tmut/Erth      2%           4%          2
 Slow                     Hex            3%           4%          2
 Wereblood                Tmut           3%           4%          2
 Conjure Flame            Conj/Fire      28%          1%          3
 Inner Flame              Hex/Fire       16%          1%          3
 Bolt of Magma            Conj/Fire/Erth 10%          1%          5
 Irradiate                Conj/Tmut      8%           3%          5
 Spider Form              Tmut/Pois      4%           4%          3
 Confusing Touch          Hex            3%           9%          3
 Gell's Gravitas          Tloc           1%           9%          3
 Portal Projectile        Hex/Tloc       6%           9%          3
 Yara's Violent Unravell  Hex/Tmut       1%           22%         5
 Cause Fear               Hex            1%           28%         4
 Ice Form                 Ice/Tmut       3%           28%         4
 Leda's Liquefaction      Hex/Erth       1%           28%         4
 Petrify                  Tmut/Erth      3%           28%         4
 Alistair's Intoxication  Tmut/Pois      5%           34%         5
 Eringya's Noxious Bog    Tmut/Pois      4%           43%         6
 Blade Hands              Tmut           1%           61%         5
 Metabolic Englaciation   Hex/Ice        1%           61%         5


Dungeon Overview and Level Annotations

Branches:
Dungeon (12/15)            Temple (0/1) D:6            Lair (0/6) D:10
    Orc (0/2) D:11

Altars:
Cheibriados
Elyvilon
Fedhas
Gozag
Hepliaklqana
Kikubaaqudgha
Makhleb
Uskayaw
Vehumet
Yredelemnul
The Shining One

Shops:
D:7 }   D:8 (   D:10 =   D:12 }

Annotations:
D:12 Erolcha


Innate Abilities, Weirdness & Mutations

You are resistant to torment.
Your stone body is resilient. (AC +8)
You are immune to poison.
You resist negative energy. (rN+)
You are resistant to electric shocks. (rElec)
You can survive without breathing.
You are immune to petrification.
You are immune to miasma.


Message History

The slime creature is covered in liquid flames!
The slime creature quivers.
The slime creature burns!
The slime creature is engulfed in blazing flames. x2
The slime creature closely misses you.
Erolcha mumbles some strange words.
Erolcha seems to speed up.
The slime creature hits you!
You slash the slime creature! You burn the slime creature.
The slime creature is almost dead.
The slime creature burns!
You kill the slime creature!
Vehumet accepts your kill.
You feel your power returning.
Erolcha screams, "DIE!"
Erolcha gestures at you while chanting. The crystal spear hits you!!
* * * LOW HITPOINT WARNING * * *
The slime creature is engulfed in blazing flames.
The slime creature hits you!
You die...

#.......#.#
#.....#.#.#
#####.#.###. ...
#.#..... [.
#.#..#.. ######.
#.......
...°.#O##.(.....
J.°J..J......#..
##J)(@.....# .
#...).......
....).........#
#####..........#
'.##.######. .#.
..# ..#. .#


You could see 3 slime creatures and Erolcha (fast).

Vanquished Creatures
  A two-headed ogre (D:7)
  A glowing orange brain (shapeshifter) (D:11)
  Pikel (D:3)
  2 ugly things
  A cyclops (D:11)
  A manticore (D:11)
  An elephant (D:10)
  A centaur skeleton (D:12)
  A kobold demonologist (D:11)
  A troll (D:9)
  Grinder (D:3)
  2 slime creatures
  A hornet (D:9)
  A meliai zombie (D:10)
  Sigmund (D:4)
  A wraith (D:10)
  A wyvern (D:10)
  7 yaks (D:11)
  A vampire (D:10)
  2 basilisks
  2 soldier ants (D:11)
  3 water moccasins
  2 sky beasts
  An eye of draining (D:9)
  5 ice beasts
  5 orc warriors
  A phantom (D:6)
  2 black bears
  6 ogres
  A necrophage (D:7)
  10 centaurs
  3 lemures
  2 big kobolds
  12 bullfrogs
  2 wyvern zombies
  A gnoll sergeant (D:10)
  A wyvern skeleton (D:9)
  A water moccasin skeleton (D:9)
  9 killer bees
  14 wights
  5 jellies
  2 bullfrog zombies
  5 hounds
  10 orc priests
  4 iguanas
  10 orc wizards
  8 worker ants
  2 hound skeletons
  A worker ant zombie (D:11)
  9 gnolls
  14 adders
  4 shadow imps
  4 white imps
  2 oozes (D:1)
  3 adder zombies
  2 worms (D:4)
  A dart slug (D:3)
  7 leopard geckos
  42 orcs
  5 bats
  4 giant cockroaches
  5 goblins
  3 hobgoblins
  9 jackals
  13 kobolds
  10 quokkas
  2 ball pythons
  4 frilled lizards
  A leopard gecko skeleton (D:7)
  A leopard gecko zombie (D:4)
  A quokka skeleton (D:6)
  9 rats
  A spectral orc (D:3)
  4 bushes (D:4)
319 creatures vanquished.

Vanquished Creatures (collateral kills)
  A foxfire (D:2)
1 creature vanquished.

Vanquished Creatures (others)
  A killer bee (D:10)
  490 foxfires
  2 fungi (D:10)
  17 plants
510 creatures vanquished.

Grand Total: 830 creatures vanquished

Notes
Turn   | Place    | Note
-------+----------+-------------------------------------------
     0 | D:1      | littlecub the Gargoyle Fire Elementalist began the quest
                  | for the Orb.
     0 | D:1      | Reached XP level 1. HP: 10/10 MP: 3/3
   157 | D:1      | Reached XP level 2. HP: 16/16 MP: 1/5
   446 | D:1      | Reached XP level 3. HP: 15/20 MP: 2/6
   741 | D:2      | Reached skill level 1 in Fighting
  1254 | D:1      | Reached XP level 4. HP: 14/25 MP: 2/7
  1675 | D:2      | Found a white marble altar of Elyvilon.
  1675 | D:2      | Found a hazy altar of Hepliaklqana.
  1675 | D:2      | Found a radiant altar of Vehumet.
  1688 | D:2      | Became a worshipper of Vehumet
  2344 | D:3      | Found a blossoming altar of Fedhas.
  2404 | D:3      | Learned a level 4 spell: Sticky Flame
  2533 | D:3      | Reached XP level 5. HP: 29/29 MP: 5/8
  3031 | D:3      | Found a basalt altar of Yredelemnul.
  3036 | D:3      | Reached * piety under Vehumet
  3036 | D:3      | Offered knowledge of Shock by Vehumet.
  3181 | D:3      | Reached XP level 6. HP: 20/35 MP: 2/9
  3389 | D:3      | Noticed Grinder
  3425 | D:3      | Paralysed by Grinder for 2 turns
  3432 | D:3      | Paralysed by Grinder for 6 turns
  3443 | D:3      | Paralysed by Grinder for 6 turns
  3920 | D:3      | Paralysed by Grinder for 3 turns
  3943 | D:3      | Paralysed by Grinder for 6 turns
  5031 | D:4      | Noticed Pikel
  5441 | D:4      | Reached XP level 7. HP: 24/40 MP: 6/11
  5562 | D:3      | Killed Grinder
  5563 | D:3      | Reached skill level 5 in Fire Magic
  5678 | D:3      | Killed Pikel
  5679 | D:3      | Reached skill level 5 in Conjurations
  5679 | D:3      | Reached XP level 8. HP: 30/48 MP: 9/13
  6131 | D:4      | Reached ** piety under Vehumet
  6184 | D:4      | Offered knowledge of Sandblast by Vehumet.
  6277 | D:4      | Noticed Sigmund
  6292 | D:4      | Killed Sigmund
  6823 | D:5      | Entered Level 5 of the Dungeon
  6943 | D:5      | Learned a level 5 spell: Fireball
  7005 | D:5      | Found an ancient bone altar of Kikubaaqudgha.
  7269 | D:5      | Found an ancient bone altar of Kikubaaqudgha.
  7269 | D:5      | Found a hide-covered altar of Uskayaw.
  7401 | D:5      | Found a glowing golden altar of the Shining One.
  8308 | D:6      | Found a staircase to the Ecumenical Temple.
  8319 | D:5      | Reached XP level 9. HP: 25/52 MP: 13/15
  8840 | D:6      | Identified the ring "Nengoic" {rElec rPois rF+ Str+6 Dex+4}
 10563 | D:6      | Found an opulent altar of Gozag.
 10687 | D:7      | Reached skill level 5 in Fighting
 10908 | D:7      | Found Mustur's Gadget Shoppe.
 10970 | D:7      | Found a snail-covered altar of Cheibriados.
 11116 | D:7      | Offered knowledge of Mephitic Cloud by Vehumet.
 11121 | D:7      | Learned a level 3 spell: Mephitic Cloud
 11580 | D:7      | Found a burning altar of Makhleb.
 11998 | D:7      | Reached *** piety under Vehumet
 12361 | D:8      | Reached skill level 1 in Poison Magic
 12377 | D:8      | Reached skill level 1 in Air Magic
 12377 | D:8      | Reached XP level 10. HP: 46/59 MP: 7/17
 12384 | D:8      | Noticed a two-headed ogre
 12455 | D:7      | Killed a two-headed ogre
 12456 | D:7      | Reached skill level 5 in Spellcasting
 12600 | D:8      | Offered knowledge of Frozen Ramparts by Vehumet.
 13375 | D:8      | Reached **** piety under Vehumet
 13619 | D:8      | Found Lodef's Antique Weapon Shoppe.
 14164 | D:9      | Offered knowledge of Ignite Poison by Vehumet.
 14165 | D:9      | Reached skill level 5 in Dodging
 14169 | D:9      | Learned a level 3 spell: Ignite Poison
 15764 | D:10     | Entered Level 10 of the Dungeon
 15768 | D:10     | Noticed a brown ugly thing
 15778 | D:10     | Killed a brown ugly thing
 15779 | D:10     | Reached XP level 11. HP: 48/65 MP: 15/19
 16259 | D:10     | Found Etuebenn's Jewellery Shop.
 16487 | D:10     | Reached ***** piety under Vehumet
 16492 | D:10     | Found a staircase to the Lair.
 16838 | D:10     | Offered knowledge of Starburst by Vehumet.
 17458 | D:11     | Learned a level 6 spell: Starburst
 17500 | D:10     | HP: 3/66 [troll (11)]
 18276 | D:11     | Found a staircase to the Orcish Mines.
 18323 | D:11     | Reached skill level 1 in Armour
 18420 | D:11     | Reached skill level 10 in Conjurations
 19034 | D:11     | Noticed a green ugly thing
 19052 | D:11     | Killed a green ugly thing
 19271 | D:11     | Noticed an unseen horror
 19273 | D:11     | Noticed a cyclops
 19278 | D:11     | Killed a cyclops
 19292 | D:11     | an unseen horror changed into a black mamba
 19300 | D:11     | Identified the +7 quarterstaff of Bodily Harmony {distort,
                  | rElec rPois Dex+4 Stlth-}
 19304 | D:11     | HP: 3/67 [guardian serpent (shapeshifter) (10)]
 19761 | D:11     | Noticed a glowing orange brain
 19777 | D:11     | Noticed a cyclops
 19781 | D:11     | Noticed a manticore
 19784 | D:11     | Killed a glowing orange brain
 19785 | D:11     | Reached skill level 10 in Fire Magic
 20162 | D:11     | Got a twisted great sword
 20163 | D:11     | Identified Riafroej's Catalogue of Nocuous Fire
 20172 | D:11     | Got a crude amber ring
 20174 | D:11     | Identified the ring of Fanaticism {Wiz *Contam rF+ Int+3
                  | SInv} (You found it on level 11 of the Dungeon)
 20177 | D:11     | Identified the cursed +1 great sword "Beetlebane" {flame,
                  | Int+5 Dex-5} (You found it on level 11 of the Dungeon)
 20198 | D:11     | Noticed a manticore
 20203 | D:11     | Reached XP level 12. HP: 72/72 MP: 2/21
 20309 | D:11     | Identified a scroll of acquirement
 20313 | D:11     | Acquired the Grimoire of Torrid Shape Shifting
 20545 | D:12     | Found Vet Ralu's Gadget Emporium.
 20766 | D:12     | Noticed Erolcha
 20767 | D:12     | Slain by a slime creature

Illustrated notes

Levels and vault maps discovered:
D:1:      lightli_arrival_windingriver, layout_rooms
D:2:      cheibrodos_pilgrimage, layout_loops_ring,
          gammafunk_temple_overflow_forgotten, guppyfry_early_lair_pool
D:3:      layout_basic, yredelemnul_forgotten_temple_becter,
          overflow_temple_1_default, uniq_grinder
D:4:      wander_river, layout_basic, lexackson_kobold_supper, uniq_sigmund,
          uniq_pikel
D:5:      layout_rooms, chequers_temple_overflow_statue_of_worship, basic_altar,
          tso_metal_star
D:6:      layout_rooms, kennysheep_mini_moat, minmay_temple_entry_proselytizer
D:7:      layout_basic, lemuel_crystal_altar, makhleb_blood_cavern_becter,
          serial_shops, nicolae_shop_statue_plus
D:8:      layout_basic, serial_shops, shop, interstate_on_off, eino_curves_04
D:9:      layout_grid_maze
D:10:     layout_loops_ring, david_lair_generic, serial_shops, shop
D:11:     minmay_the_grid_triangle_9x9_recursive_2
          [minmay_the_grid_triangle_9x9_prize_center,
          minmay_the_grid_triangle_9x9_sprig,
          minmay_the_grid_triangle_9x9_pentomino_pain,
          minmay_the_grid_triangle_9x9_dagger], layout_basic, orc_0_dummy
D:12:     layout_stronghold, serial_shops, shop, shop, uniq_erolcha

Skill      XL: |  1  2  3  4  5  6  7  8  9 10 11 |
---------------+----------------------------------+-----
Conjurations   | 2 3 4 5 6 8 9 10 | 10.6
Fighting       | 1 2 3 4 5 6 7 |  7.4
Dodging        | 2 3 4 5 |  5.9
Fire Magic     | 4 5 6 7 9 10 | 10.2
Spellcasting   | 3 4 5 6 |  6.5
Poison Magic   | 1 3 4 |  4.0
Air Magic      | 1 2 3 |  3.7
Armour         | 2 |  2.6
Stealth        | |  2.1

Action                   |  1- 3 |  4- 6 |  7- 9 | 10-12 || total
-------------------------+-------+-------+-------+-------++-------
Melee: Dagger            |    38 |   231 |    21 |       ||   290
       Unarmed           |     5 |       |       |       ||     5
       Whip              |       |       |   334 |   303 ||   637
       Great sword       |       |       |       |     6 ||     6
Throw: Dart              |       |     5 |       |       ||     5
 Cast: Foxfire           |    40 |   109 |   118 |    25 ||   292
       Sticky Flame      |       |       |    30 |    85 ||   115
       Mephitic Cloud    |       |       |     1 |    57 ||    58
       Fireball          |       |       |       |    26 ||    26
       Ignite Poison     |       |       |       |    10 ||    10
       Starburst         |       |       |       |     5 ||     5
Evoke: Wand              |       |     2 |     3 |       ||     5
  Use: Scroll            |       |     4 |    12 |    14 ||    30
       Potion            |       |       |       |     3 ||     3
 Stab: Sleeping          |       |     7 |     2 |     3 ||    12
       Paralysed         |       |     4 |    12 |       ||    16
       Confused          |       |       |       |    21 ||    21
       Fleeing           |       |       |       |     1 ||     1
Armor: Robe              |    17 |    95 |   110 |   165 ||   387
       Leather armour    |       |       |       |    30 ||    30
Dodge: Dodged            |    35 |   177 |   178 |   396 ||   786
       Rpst.: Great sword |       |       |       |     4 ||     4
